Devils vs Blackhawks
Created - January 6, 2023 at 10:12
Goals
|
| Devils |
2 |
1 |
0 |
3 |
| Blackhawks |
1 |
1 |
0 |
2 |
|
Shots
|
| Devils |
9 |
9 |
5 |
23 |
| Blackhawks |
9 |
7 |
7 |
23 |
|
1st period
1. Devils , Tyler Ennis 19 (Kristopher Letang 10, Nazem Kadri 22) at 0:04
2. Devils , Nick Palmieri 8 (Anton Stralman 9, Tyler Ennis 19) at 11:01
3. Blackhawks , Corey Perry 10 (Antoine Roussel 11, Jamie McBain 15) at 15:40
Penalties :
Jonathan Huberdeau (N.J) for Hooking (Minor) at 17:53
2nd period
4. Devils , Kristopher Letang 5 (Michael Del Zotto 10, Maxime Daigneault) at 6:38 (PP)
5. Blackhawks , Derek Roy 6 (Corey Perry 6, Antoine Roussel 12) at 9:33
Penalties :
Michael Del Zotto (N.J) for Interference (Minor) at 2:38, James Wright (Chi) for Interference (Minor) at 6:12, Nick Bonino (Chi) for Interference (Minor) at 15:56
3rd period
No Goal
Penalties :
Petter Granberg (Chi) for Attempt to injure (Major / Game Misconduct) at 2:24
Goalie Stats
Maxime Daigneault (N.J), 21 saves from 23 shots - (0.913), W, 13-7-2, 60:00 minutes
Tuukka Rask (Chi), 20 saves from 23 shots - (0.870), L, 13-9-2, 58:50 minutes
Players Stats for Devils
Player Name G A P +/- PIM S H SB GA TA FO MP PP MP PK MP
------------------------------------------------------------------------------------
Aleksander Barkov 0 0 0 0 0 2 0 0 0 0 4/8 17:03 2:36 1:26
Anton Lander 0 0 0 -1 0 0 0 0 0 0 1/3 10:29 0:35 1:59
Anton Stralman 0 1 1 1 0 2 2 1 0 0 0/0 25:02 2:22 2:32
Brandon Carlo 0 0 0 -1 0 0 2 0 0 0 0/0 19:58 0:49 2:20
Brayden Point 0 0 0 0 0 1 2 0 0 0 3/6 12:59 1:02 0:03
Chris Stewart 0 0 0 -1 0 0 0 0 0 0 0/1 8:38 0:57 0:00
Eric Tangradi 0 0 0 -1 0 0 5 0 0 0 0/0 10:55 1:21 1:53
Jonathan Huberdeau 0 0 0 0 2 4 3 0 2 0 2/3 16:07 2:36 0:31
Kristopher Letang 1 1 2 1 0 1 1 1 0 1 0/0 23:27 4:13 0:25
Logan Shaw 0 0 0 0 0 1 0 0 0 0 0/0 12:05 0:00 0:00
Marian Gaborik 0 0 0 0 0 2 0 1 0 0 1/1 16:49 2:48 0:00
Matt Donovan 0 0 0 0 0 1 3 0 0 0 0/0 17:12 2:22 1:48
Michael Del Zotto 0 1 1 -1 2 0 1 0 0 0 0/0 20:32 4:13 0:51
Nazem Kadri 0 1 1 1 0 1 2 0 3 0 14/26 19:46 3:25 0:30
Nick Palmieri 1 0 1 1 0 3 0 0 0 0 0/0 18:02 3:23 0:00
Sven Baertschi 0 0 0 0 0 0 2 0 0 0 0/1 13:12 0:05 0:55
Thomas Hickey 0 0 0 0 0 0 1 0 0 0 0/0 13:50 0:49 0:00
Tyler Ennis 1 1 2 1 0 5 0 2 2 0 0/0 19:54 3:24 0:39
Players Stats for Blackhawks
Player Name G A P +/- PIM S H SB GA TA FO MP PP MP PK MP
------------------------------------------------------------------------------------
Antoine Roussel 0 2 2 2 0 1 1 1 0 0 2/2 19:45 1:55 3:26
Ben Harpur 0 0 0 0 0 0 0 1 0 0 0/0 7:51 0:00 0:34
Brett Maclean 0 0 0 -1 0 1 1 0 0 0 0/0 14:44 0:00 1:52
Calvin de Haan 0 0 0 -1 0 0 0 1 0 0 0/0 13:53 0:00 0:34
Corey Perry 1 1 2 2 0 1 4 0 0 0 0/0 15:55 1:55 0:00
Derek Roy 1 0 1 2 0 1 1 0 0 0 3/7 16:19 1:55 0:31
Jakob Silfverberg 0 0 0 -1 0 5 0 0 1 1 0/4 20:39 1:49 1:52
James Wright 0 0 0 0 2 0 0 0 0 0 2/2 6:38 0:14 0:00
Jamie McBain 0 1 1 1 0 1 1 0 0 1 0/0 26:21 2:29 3:48
Johnny Gaudreau 0 0 0 -1 0 1 3 2 0 0 4/7 24:11 1:37 3:26
Jordan Staal 0 0 0 -1 0 4 4 0 0 1 10/21 20:32 1:49 1:52
Mike Amadio 0 0 0 -1 0 3 0 0 0 0 0/0 13:04 0:14 0:00
Nick Bonino 0 0 0 -1 2 2 1 0 0 0 3/6 13:24 0:26 0:00
Petter Granberg 0 0 0 -1 15 1 0 0 0 0 0/0 9:09 0:00 0:00
Radko Gudas 0 0 0 1 0 2 0 1 0 2 0/0 25:09 2:29 3:48
Raphael Diaz 0 0 0 0 0 0 2 0 0 2 0/0 18:58 1:29 3:02
Sean Zimmerman 0 0 0 0 0 0 2 0 0 0 0/0 18:49 1:29 3:02
Stefan Matteau 0 0 0 0 0 0 0 0 0 0 0/0 7:12 0:00 1:49
3 Stars
1 - Corey Perry (Chi)
2 - Kristopher Letang (N.J)
3 - Tyler Ennis (N.J)
Power Play
Devils - 1 on 3 Attempt(s) - 33.33%
Blackhawks - 0 on 2 Attempt(s) - 0.00%
Penalty Kill
Devils - 2 on 2 Attempt(s) - 100.00%
- Score 0 goal in Penalty Kill
Blackhawks - 2 on 3 Attempt(s) - 66.67%
- Score 0 goal in Penalty Kill
Team Stat
Devils - Hits : 24 - Faceoff Wins : 25 - Blocked Shots : 5 - Penalty Minutes : 4
Blackhawks - Hits : 20 - Faceoff Wins : 24 - Blocked Shots : 6 - Penalty Minutes : 19
Official
Referees : Dan Kelly and Frederick L'Ecuyer
Linesman : Matt MacPherson and Brandon Gawryletz
Game Notes
Petter Granberg (Chi) for Attempt to injure (Major / Game Misconduct) at 2:24
Petter Granberg ejected from game at 2:24 of 3rd period
Finance
Level 1 -- Attendance: 5521 (92.02%) -- Ticket Income $552,100
Level 2 -- Attendance: 4711 (94.22%) -- Ticket Income $282,660
Level 3 -- Attendance: 1928 (96.40%) -- Ticket Income $67,480
Level 4 -- Attendance: 4000 (100.00%) -- Ticket Income $100,000
Luxury Box -- Attendance: 928 (92.80%) -- Ticket Income $185,600
Game was played at the United Center.
Total Attendance: 17088 (94.93%)
Total Ticket Income: $1,187,840
Other Income: $178,176
Total Income: $1,366,016
Devils
5 vs 5 Forward
Center Left Wing Right Wing Time % Phy DF OF
1 Nazem Kadri Tyler Ennis Nick Palmieri 36 0 2 3
2 Aleksander Barkov Jonathan Huberdeau Marian Gaborik 30 0 2 3
3 Brayden Point Sven Baertschi Logan Shaw 26 0 2 3
4 Anton Lander Eric Tangradi Chris Stewart 8 0 3 2
5 vs 5 Defense
Defense Defense Time % Phy DF OF
1 Kristopher Letang Anton Stralman 40 0 3 2
2 Michael Del Zotto Brandon Carlo 34 0 3 2
3 Matt Donovan Thomas Hickey 26 0 3 2
4 Kristopher Letang Michael Del Zotto 0 0 3 2
PowerPlay Forward
Center Left Wing Right Wing Time % Phy DF OF
1 Nazem Kadri Tyler Ennis Nick Palmieri 60 0 1 4
2 Aleksander Barkov Jonathan Huberdeau Marian Gaborik 40 0 1 4
PowerPlay Defense
Defense Defense Time % Phy DF OF
1 Kristopher Letang Michael Del Zotto 60 0 2 3
2 Anton Stralman Matt Donovan 40 0 2 3
Penalty Kill 4 Players Forward
Center Wing Time % Phy DF OF
1 Anton Lander Eric Tangradi 65 1 3 1
2 Nazem Kadri Tyler Ennis 35 1 3 1
Penalty Kill 4 Players Defense
Defense Defense Time % Phy DF OF
1 Anton Stralman Brandon Carlo 60 1 4 0
2 Michael Del Zotto Matt Donovan 40 1 4 0
Penalty Kill - 3 Players Forward
Forward Time % Phy DF OF
1 Nazem Kadri 60 1 3 1
2 Aleksander Barkov 40 1 3 1
Penalty Kill - 3 Players Defense
Defense Defense Time % Phy DF OF
1 Kristopher Letang Michael Del Zotto 60 1 4 0
2 Anton Stralman Matt Donovan 40 1 4 0
4 vs 4 Forward
Center Wing Time % Phy DF OF
1 Nazem Kadri Tyler Ennis 60 0 2 3
2 Aleksander Barkov Marian Gaborik 40 0 2 3
4 vs 4 Defense
Defense Defense Time % Phy DF OF
1 Kristopher Letang Anton Stralman 60 0 3 2
2 Michael Del Zotto Matt Donovan 40 0 3 2
Last Minutes Offensive
Center Left Wing Right Wing Defense Defense
Nazem Kadri Tyler Ennis Nick Palmieri Kristopher Letang Michael Del Zotto
Last Minutes Defensive
Center Left Wing Right Wing Defense Defense
Nazem Kadri Tyler Ennis Marian Gaborik Brandon Carlo Anton Stralman
Goaltenders
Starting : Maxime Daigneault
Backup : Tyler Weiman
Extra Forwards
Normal : Brayden Point, Aleksander Barkov, Anton Lander - PP : Brayden Point, Eric Tangradi - PK : Aleksander Barkov
Extra Defensemen
Normal : Matt Donovan, Brandon Carlo, Thomas Hickey - PP : Matt Donovan - PK : Matt Donovan, Brandon Carlo
Penalty Shots
Tyler Ennis, Nazem Kadri, Brayden Point, Jonathan Huberdeau, Aleksander Barkov
Scratches
None
Blackhawks
5 vs 5 Forward
Center Left Wing Right Wing Time % Phy DF OF
1 Jordan Staal Johnny Gaudreau Jakob Silfverberg 40 1 2 2
2 Derek Roy Antoine Roussel Corey Perry 30 1 2 2
3 Nick Bonino Brett Maclean Mike Amadio 20 1 2 2
4 James Wright Stefan Matteau Johnny Gaudreau 10 1 2 2
5 vs 5 Defense
Defense Defense Time % Phy DF OF
1 Jamie McBain Radko Gudas 40 1 2 2
2 Raphael Diaz Sean Zimmerman 30 1 2 2
3 Calvin de Haan Petter Granberg 20 1 2 2
4 Ben Harpur Jamie McBain 10 1 2 2
PowerPlay Forward
Center Left Wing Right Wing Time % Phy DF OF
1 Jordan Staal Johnny Gaudreau Jakob Silfverberg 60 1 2 2
2 Derek Roy Antoine Roussel Corey Perry 40 1 2 2
PowerPlay Defense
Defense Defense Time % Phy DF OF
1 Jamie McBain Radko Gudas 60 1 2 2
2 Raphael Diaz Sean Zimmerman 40 1 2 2
Penalty Kill 4 Players Forward
Center Wing Time % Phy DF OF
1 Johnny Gaudreau Antoine Roussel 60 1 2 2
2 Jordan Staal Jakob Silfverberg 40 1 2 2
Penalty Kill 4 Players Defense
Defense Defense Time % Phy DF OF
1 Jamie McBain Radko Gudas 60 1 2 2
2 Raphael Diaz Sean Zimmerman 40 1 2 2
Penalty Kill - 3 Players Forward
Forward Time % Phy DF OF
1 Johnny Gaudreau 60 1 2 2
2 Antoine Roussel 40 1 2 2
Penalty Kill - 3 Players Defense
Defense Defense Time % Phy DF OF
1 Jamie McBain Radko Gudas 60 1 2 2
2 Raphael Diaz Sean Zimmerman 40 1 2 2
4 vs 4 Forward
Center Wing Time % Phy DF OF
1 Johnny Gaudreau Antoine Roussel 60 1 2 2
2 Jordan Staal Jakob Silfverberg 40 1 2 2
4 vs 4 Defense
Defense Defense Time % Phy DF OF
1 Jamie McBain Radko Gudas 60 1 2 2
2 Raphael Diaz Sean Zimmerman 40 1 2 2
Last Minutes Offensive
Center Left Wing Right Wing Defense Defense
Jordan Staal Johnny Gaudreau Jakob Silfverberg Jamie McBain Radko Gudas
Last Minutes Defensive
Center Left Wing Right Wing Defense Defense
Jordan Staal Johnny Gaudreau Jakob Silfverberg Jamie McBain Radko Gudas
Goaltenders
Starting : Tuukka Rask
Backup : Joe Cannata
Extra Forwards
Normal : Nick Bonino, James Wright, Brett Maclean - PP : Nick Bonino, James Wright - PK : Brett Maclean
Extra Defensemen
Normal : Calvin de Haan, Petter Granberg, Ben Harpur - PP : Calvin de Haan - PK : Petter Granberg, Ben Harpur
Penalty Shots
Johnny Gaudreau, Antoine Roussel, Jordan Staal, Jakob Silfverberg, Corey Perry
Scratches
Blake Wheeler (Healthy)
% Time on Ice - Devils
Lines # - Real PCT - Wanted PCT - Time Play
Normal Forward
1 - 31% - 36% - 14:48
2 - 28% - 30% - 13:27
3 - 25% - 26% - 12:05
4 - 15% - 8% - 7:06
Normal Defense
1 - 38% - 40% - 18:00
2 - 33% - 34% - 15:34
3 - 27% - 26% - 13:01
4 - 2% - 0% - 0:51
PP Forward
1 - 59% - 60% - 4:22
2 - 41% - 40% - 3:02
PP Defense
1 - 68% - 60% - 5:02
2 - 32% - 40% - 2:22
PK Forward
1 - 87% - 65% - 3:28
2 - 13% - 35% - 0:30
PK Defense
1 - 44% - 60% - 1:45
2 - 56% - 40% - 2:13
PK3 Forward
1 - 0% - 60%
2 - 0% - 40%
PK3 Defense
1 - 0% - 60%
2 - 0% - 40%
44 Forward
1 - 0% - 60%
2 - 0% - 40%
44 Defense
1 - 0% - 60%
2 - 0% - 40%
Last Minute Offensive - 0:00
Last Minute Defensive - 1:12
Total
Forward - 60:00
Defense - 60:00
|
% Time on Ice - Blackhawks
Lines # - Real PCT - Wanted PCT - Time Play
Normal Forward
1 - 33% - 40% - 15:28
2 - 30% - 30% - 14:20
3 - 26% - 20% - 12:31
4 - 11% - 10% - 5:06
Normal Defense
1 - 38% - 40% - 18:00
2 - 30% - 30% - 14:18
3 - 27% - 20% - 12:47
4 - 5% - 10% - 2:20
PP Forward
1 - 46% - 60% - 1:49
2 - 54% - 40% - 2:09
PP Defense
1 - 63% - 60% - 2:29
2 - 37% - 40% - 1:29
PK Forward
1 - 75% - 60% - 5:32
2 - 25% - 40% - 1:52
PK Defense
1 - 59% - 60% - 4:22
2 - 41% - 40% - 3:02
PK3 Forward
1 - 0% - 60%
2 - 0% - 40%
PK3 Defense
1 - 0% - 60%
2 - 0% - 40%
44 Forward
1 - 0% - 60%
2 - 0% - 40%
44 Defense
1 - 0% - 60%
2 - 0% - 40%
Last Minute Offensive - 1:13
Last Minute Defensive - 0:00
Total
Forward - 60:00
Defense - 60:00
|
Play-by-Play
1st period
0:01 of 1st period - Nazem Kadri wins face-off versus Jordan Staal in neutral zone.
0:04 of 1st period - Slapshot by Kristopher Letang.
0:04 of 1st period - Deflect By Tyler Ennis.
0:04 of 1st period - Goal by Tyler Ennis - Devils : 1 - Blackhawks : 0.
0:05 of 1st period - Jonathan Huberdeau wins face-off versus Derek Roy in neutral zone.
0:18 of 1st period - Wrist shot by Jonathan Huberdeau.
0:18 of 1st period - Stopped by Tuukka Rask without a rebound.
0:19 of 1st period - Brayden Point wins face-off versus Nick Bonino in Blackhawks zone.
1:53 of 1st period - Brandon Carlo is hit by Raphael Diaz and loses puck.
2:47 of 1st period - Icing by Brandon Carlo.
2:48 of 1st period - Nick Bonino wins face-off versus Anton Lander in Devils zone.
3:17 of 1st period - Snap shot by Antoine Roussel.
3:17 of 1st period - Shot Blocked by Tyler Ennis.
3:19 of 1st period - Snap shot by Radko Gudas.
3:19 of 1st period - Shot Misses the Net.
3:21 of 1st period - Wrist shot by Antoine Roussel.
3:21 of 1st period - Shot Misses the Net.
3:23 of 1st period - Slapshot by Radko Gudas.
3:23 of 1st period - Stopped by Maxime Daigneault with a rebound.
3:25 of 1st period - Slapshot by Radko Gudas.
3:25 of 1st period - Stopped by Maxime Daigneault without a rebound.
3:26 of 1st period - Aleksander Barkov wins face-off versus Jordan Staal in Devils zone.
3:35 of 1st period - Snap shot by Jakob Silfverberg.
3:35 of 1st period - Shot Misses the Net.
3:37 of 1st period - Wrist shot by Jakob Silfverberg.
3:37 of 1st period - Stopped by Maxime Daigneault without a rebound.
3:38 of 1st period - Nazem Kadri wins face-off versus Jordan Staal in Devils zone.
3:45 of 1st period - Slapshot by Johnny Gaudreau.
3:45 of 1st period - Deflect By Jakob Silfverberg.
3:45 of 1st period - Shot Misses the Net.
3:45 of 1st period - Puck is out of play.
3:46 of 1st period - Nazem Kadri wins face-off versus Jordan Staal in Devils zone.
5:16 of 1st period - Nick Palmieri is hit by Raphael Diaz and loses puck.
5:44 of 1st period - Off-side.
5:45 of 1st period - Derek Roy wins face-off versus Aleksander Barkov in neutral zone.
6:17 of 1st period - Snap shot by Nick Bonino.
6:17 of 1st period - Shot Misses the Net.
6:59 of 1st period - Slapshot by Brayden Point.
6:59 of 1st period - Shot Misses the Net.
7:55 of 1st period - Antoine Roussel is hit by Sven Baertschi and loses puck.
8:57 of 1st period - Marian Gaborik is hit by Corey Perry and loses puck.
9:45 of 1st period - Icing by Derek Roy.
9:46 of 1st period - James Wright wins face-off versus Chris Stewart in Blackhawks zone.
10:03 of 1st period - Off-side.
10:04 of 1st period - Derek Roy wins face-off versus Brayden Point in neutral zone.
10:37 of 1st period - Snap shot by Johnny Gaudreau.
10:37 of 1st period - Deflect By Jordan Staal.
10:37 of 1st period - Stopped by Maxime Daigneault with a rebound.
10:39 of 1st period - Snap shot by Jordan Staal.
10:39 of 1st period - Shot Misses the Net.
10:41 of 1st period - Slapshot by Jamie McBain.
10:41 of 1st period - Shot Blocked by Kristopher Letang.
10:43 of 1st period - Wrist shot by Jordan Staal.
10:43 of 1st period - Shot Misses the Net.
10:53 of 1st period - Slapshot by Kristopher Letang.
10:53 of 1st period - Shot Misses the Net.
10:55 of 1st period - Snap shot by Nick Palmieri.
10:55 of 1st period - Shot Blocked by Calvin de Haan.
10:57 of 1st period - Snap shot by Tyler Ennis.
10:57 of 1st period - Shot Misses the Net.
10:59 of 1st period - Wrist shot by Anton Stralman.
10:59 of 1st period - Stopped by Tuukka Rask with a rebound.
11:01 of 1st period - Wrist shot by Nick Palmieri.
11:01 of 1st period - Goal by Nick Palmieri - Devils : 2 - Blackhawks : 0.
11:02 of 1st period - Jordan Staal wins face-off versus Aleksander Barkov in neutral zone.
11:11 of 1st period - Wrist shot by Jakob Silfverberg.
11:11 of 1st period - Stopped by Maxime Daigneault with a rebound.
12:00 of 1st period - Slapshot by Antoine Roussel.
12:00 of 1st period - Stopped by Maxime Daigneault with a rebound.
12:06 of 1st period - Wrist shot by Logan Shaw.
12:06 of 1st period - Shot Misses the Net.
12:08 of 1st period - Slapshot by Matt Donovan.
12:08 of 1st period - Stopped by Tuukka Rask without a rebound.
12:09 of 1st period - Nazem Kadri wins face-off versus Jakob Silfverberg in Blackhawks zone.
12:10 of 1st period - Snap shot by Tyler Ennis.
12:10 of 1st period - Stopped by Tuukka Rask without a rebound.
12:11 of 1st period - Jordan Staal wins face-off versus Nazem Kadri in Blackhawks zone.
12:22 of 1st period - Snap shot by Johnny Gaudreau.
12:22 of 1st period - Shot Misses the Net.
12:24 of 1st period - Snap shot by Jakob Silfverberg.
12:24 of 1st period - Deflect By Tyler Ennis.
12:24 of 1st period - Shot Misses the Net.
12:24 of 1st period - Puck is out of play.
12:25 of 1st period - Marian Gaborik wins face-off versus Johnny Gaudreau in Devils zone.
13:22 of 1st period - Corey Perry is hit by Eric Tangradi and loses puck.
14:17 of 1st period - Michael Del Zotto is hit by Corey Perry and loses puck.
14:48 of 1st period - Wrist shot by Mike Amadio.
14:48 of 1st period - Shot Misses the Net.
14:50 of 1st period - Snap shot by Mike Amadio.
14:50 of 1st period - Stopped by Maxime Daigneault without a rebound.
14:51 of 1st period - Aleksander Barkov wins face-off versus Jordan Staal in Devils zone.
15:00 of 1st period - Slapshot by Jonathan Huberdeau.
15:00 of 1st period - Stopped by Tuukka Rask without a rebound.
15:01 of 1st period - Jordan Staal wins face-off versus Aleksander Barkov in Blackhawks zone.
15:26 of 1st period - Wrist shot by Jonathan Huberdeau.
15:26 of 1st period - Deflect By Marian Gaborik.
15:26 of 1st period - Shot Blocked by Johnny Gaudreau.
15:26 of 1st period - Puck is out of play.
15:27 of 1st period - Antoine Roussel wins face-off versus Nazem Kadri in Blackhawks zone.
15:40 of 1st period - Slapshot by Antoine Roussel.
15:40 of 1st period - Deflect By Corey Perry.
15:40 of 1st period - Goal by Corey Perry - Devils : 2 - Blackhawks : 1.
15:41 of 1st period - Jordan Staal wins face-off versus Nazem Kadri in neutral zone.
16:15 of 1st period - Snap shot by Brayden Point.
16:15 of 1st period - Stopped by Tuukka Rask with a rebound.
16:31 of 1st period - Marian Gaborik is hit by Nick Bonino and loses puck.
16:59 of 1st period - Snap shot by Nick Palmieri.
16:59 of 1st period - Shot Misses the Net.
17:01 of 1st period - Backhand shot by Nick Palmieri.
17:01 of 1st period - Stopped by Tuukka Rask without a rebound.
17:02 of 1st period - Brayden Point wins face-off versus Jordan Staal in Blackhawks zone.
17:05 of 1st period - Snap shot by Sven Baertschi.
17:05 of 1st period - Shot Misses the Net.
17:44 of 1st period - Wrist shot by Jakob Silfverberg.
17:44 of 1st period - Shot Misses the Net.
17:46 of 1st period - Slapshot by Calvin de Haan.
17:46 of 1st period - Shot Misses the Net.
17:48 of 1st period - Snap shot by Petter Granberg.
17:48 of 1st period - Stopped by Maxime Daigneault with a rebound.
17:53 of 1st period - Minor Penalty to Jonathan Huberdeau for Hooking.
17:54 of 1st period - Anton Lander wins face-off versus Derek Roy in Devils zone.
19:01 of 1st period - Michael Del Zotto is hit by Derek Roy and loses puck.
19:22 of 1st period - Anton Stralman is hit by Antoine Roussel and loses puck.
19:53 of 1st period - Penalty to Jonathan Huberdeau is over, Jonathan Huberdeau is back on ice.
Goals for this period are 2 for Devils vs 1 for Blackhawks.
Shots for this period are 9 for Devils vs 9 for Blackhawks.
2nd period
0:01 of 2nd period - Nazem Kadri wins face-off versus Jakob Silfverberg in neutral zone.
0:06 of 2nd period - Jakob Silfverberg is hit by Nazem Kadri and loses puck.
0:17 of 2nd period - Snap shot by Jakob Silfverberg.
0:17 of 2nd period - Deflect By Johnny Gaudreau.
0:17 of 2nd period - Shot Misses the Net.
0:17 of 2nd period - Puck is out of play.
0:18 of 2nd period - Derek Roy wins face-off versus Brayden Point in Devils zone.
0:54 of 2nd period - Wrist shot by Nazem Kadri.
0:54 of 2nd period - Shot Misses the Net.
1:11 of 2nd period - Off-side.
1:12 of 2nd period - Nick Bonino wins face-off versus Aleksander Barkov in neutral zone.
2:29 of 2nd period - Slapshot by Brett Maclean.
2:29 of 2nd period - Stopped by Maxime Daigneault without a rebound.
2:30 of 2nd period - Aleksander Barkov wins face-off versus Nick Bonino in Devils zone.
2:38 of 2nd period - Minor Penalty to Michael Del Zotto for Interference.
2:39 of 2nd period - Jordan Staal wins face-off versus Anton Lander in Devils zone.
3:29 of 2nd period - Radko Gudas is hit by Matt Donovan and loses puck.
4:38 of 2nd period - Penalty to Michael Del Zotto is over, Michael Del Zotto is back on ice.
4:49 of 2nd period - Snap shot by Brayden Point.
4:49 of 2nd period - Shot Misses the Net.
5:05 of 2nd period - Tyler Ennis is hit by Johnny Gaudreau and loses puck.
5:18 of 2nd period - Mike Amadio is hit by Matt Donovan and loses puck.
5:43 of 2nd period - Jordan Staal is hit by Eric Tangradi and loses puck.
5:55 of 2nd period - Icing by Jordan Staal.
5:56 of 2nd period - Nazem Kadri wins face-off versus Jordan Staal in Blackhawks zone.
6:07 of 2nd period - Snap shot by Nazem Kadri.
6:07 of 2nd period - Stopped by Tuukka Rask with a rebound.
6:09 of 2nd period - Wrist shot by Nick Palmieri.
6:09 of 2nd period - Stopped by Tuukka Rask without a rebound.
6:10 of 2nd period - Johnny Gaudreau wins face-off versus Jonathan Huberdeau in Blackhawks zone.
6:12 of 2nd period - Minor Penalty to James Wright for Interference.
6:13 of 2nd period - Johnny Gaudreau wins face-off versus Nazem Kadri in Blackhawks zone.
6:20 of 2nd period - Off-side.
6:21 of 2nd period - Nazem Kadri wins face-off versus Johnny Gaudreau in neutral zone.
6:24 of 2nd period - Snap shot by Nazem Kadri.
6:24 of 2nd period - Shot Misses the Net.
6:38 of 2nd period - Slapshot by Kristopher Letang.
6:38 of 2nd period - Goal by Kristopher Letang - Devils : 3 - Blackhawks : 1.
6:39 of 2nd period - Jordan Staal wins face-off versus Nazem Kadri in neutral zone.
6:49 of 2nd period - Slapshot by Kristopher Letang.
6:49 of 2nd period - Shot Misses the Net.
6:55 of 2nd period - Snap shot by Tyler Ennis.
6:55 of 2nd period - Shot Misses the Net.
7:37 of 2nd period - Snap shot by Brett Maclean.
7:37 of 2nd period - Shot Misses the Net.
8:08 of 2nd period - Wrist shot by Antoine Roussel.
8:08 of 2nd period - Deflect By Chris Stewart.
8:08 of 2nd period - Shot Blocked by Anton Stralman.
8:08 of 2nd period - Puck is out of play.
8:09 of 2nd period - Nazem Kadri wins face-off versus Derek Roy in Devils zone.
8:18 of 2nd period - Wrist shot by Nick Palmieri.
8:18 of 2nd period - Shot Misses the Net.
8:45 of 2nd period - Jamie McBain is hit by Anton Stralman.
9:33 of 2nd period - Snap shot by Derek Roy.
9:33 of 2nd period - Goal by Derek Roy - Devils : 3 - Blackhawks : 2.
9:34 of 2nd period - Nazem Kadri wins face-off versus Jordan Staal in neutral zone.
10:45 of 2nd period - Johnny Gaudreau is hit by Eric Tangradi.
11:46 of 2nd period - Wrist shot by Aleksander Barkov.
11:46 of 2nd period - Stopped by Tuukka Rask with a rebound.
11:54 of 2nd period - Marian Gaborik is hit by Jordan Staal and loses puck.
12:57 of 2nd period - Wrist shot by Logan Shaw.
12:57 of 2nd period - Deflect By Calvin de Haan.
12:57 of 2nd period - Stopped by Tuukka Rask with a rebound.
13:14 of 2nd period - James Wright is hit by Nazem Kadri and loses puck.
13:27 of 2nd period - Wrist shot by Nick Bonino.
13:27 of 2nd period - Stopped by Maxime Daigneault with a rebound.
13:29 of 2nd period - Slapshot by Petter Granberg.
13:29 of 2nd period - Shot Misses the Net.
13:31 of 2nd period - Wrist shot by Brett Maclean.
13:31 of 2nd period - Shot Misses the Net.
13:33 of 2nd period - Wrist shot by Mike Amadio.
13:33 of 2nd period - Deflect By Anton Lander.
13:33 of 2nd period - Stopped by Maxime Daigneault with a rebound.
13:35 of 2nd period - Wrist shot by Nick Bonino.
13:35 of 2nd period - Stopped by Maxime Daigneault with a rebound.
14:15 of 2nd period - Corey Perry is hit by Sven Baertschi and loses puck.
14:25 of 2nd period - Icing by Jamie McBain.
14:26 of 2nd period - Antoine Roussel wins face-off versus Nazem Kadri in Blackhawks zone.
14:36 of 2nd period - Slapshot by Jamie McBain.
14:36 of 2nd period - Stopped by Maxime Daigneault without a rebound.
14:37 of 2nd period - Nazem Kadri wins face-off versus Jordan Staal in Devils zone.
14:44 of 2nd period - Wrist shot by Tyler Ennis.
14:44 of 2nd period - Stopped by Tuukka Rask with a rebound.
14:50 of 2nd period - Slapshot by Tyler Ennis.
14:50 of 2nd period - Stopped by Tuukka Rask without a rebound.
14:51 of 2nd period - Nazem Kadri wins face-off versus Jordan Staal in Blackhawks zone.
15:02 of 2nd period - Anton Stralman is hit by Johnny Gaudreau and loses puck.
15:43 of 2nd period - Anton Stralman is hit by Sean Zimmerman and loses puck.
15:56 of 2nd period - Minor Penalty to Nick Bonino for Interference.
15:57 of 2nd period - Johnny Gaudreau wins face-off versus Nazem Kadri in Blackhawks zone.
16:23 of 2nd period - Sean Zimmerman is hit by Jonathan Huberdeau and loses puck.
16:28 of 2nd period - Slapshot by Aleksander Barkov.
16:28 of 2nd period - Shot Misses the Net.
16:30 of 2nd period - Wrist shot by Aleksander Barkov.
16:30 of 2nd period - Shot Blocked by Antoine Roussel.
16:32 of 2nd period - Slapshot by Anton Stralman.
16:32 of 2nd period - Stopped by Tuukka Rask with a rebound.
16:34 of 2nd period - Wrist shot by Marian Gaborik.
16:34 of 2nd period - Stopped by Tuukka Rask without a rebound.
16:35 of 2nd period - Nazem Kadri wins face-off versus Johnny Gaudreau in Blackhawks zone.
16:52 of 2nd period - Snap shot by Jordan Staal.
16:52 of 2nd period - Stopped by Maxime Daigneault with a rebound.
17:31 of 2nd period - Michael Del Zotto is hit by Brett Maclean and loses puck.
17:38 of 2nd period - Radko Gudas is hit by Kristopher Letang.
17:56 of 2nd period - Penalty to Nick Bonino is over, Nick Bonino is back on ice.
18:10 of 2nd period - Snap shot by Antoine Roussel.
18:10 of 2nd period - Shot Misses the Net.
18:52 of 2nd period - Johnny Gaudreau is hit by Jonathan Huberdeau and loses puck.
19:05 of 2nd period - Tyler Ennis is hit by Sean Zimmerman and loses puck.
19:18 of 2nd period - Corey Perry is hit by Brandon Carlo.
19:26 of 2nd period - Sven Baertschi is hit by Corey Perry and loses puck.
19:43 of 2nd period - Johnny Gaudreau is hit by Michael Del Zotto and loses puck.
19:54 of 2nd period - Snap shot by Eric Tangradi.
19:54 of 2nd period - Shot Misses the Net.
Goals for this period are 1 for Devils vs 1 for Blackhawks.
Shots for this period are 9 for Devils vs 7 for Blackhawks.
3rd period
0:01 of 3rd period - Jordan Staal wins face-off versus Nazem Kadri in neutral zone.
0:13 of 3rd period - Snap shot by Johnny Gaudreau.
0:13 of 3rd period - Shot Misses the Net.
0:15 of 3rd period - Backhand shot by Radko Gudas.
0:15 of 3rd period - Deflect By Jakob Silfverberg.
0:15 of 3rd period - Shot Misses the Net.
0:15 of 3rd period - Puck is out of play.
0:16 of 3rd period - Jonathan Huberdeau wins face-off versus Derek Roy in Devils zone.
0:16 of 3rd period - Jonathan Huberdeau is hit by Corey Perry.
0:42 of 3rd period - Snap shot by Tyler Ennis.
0:42 of 3rd period - Stopped by Tuukka Rask without a rebound.
0:43 of 3rd period - Nazem Kadri wins face-off versus Jakob Silfverberg in Blackhawks zone.
1:36 of 3rd period - Corey Perry is hit by Brandon Carlo and loses puck.
2:02 of 3rd period - Snap shot by Jakob Silfverberg.
2:02 of 3rd period - Stopped by Maxime Daigneault without a rebound.
2:03 of 3rd period - Brayden Point wins face-off versus Jakob Silfverberg in Devils zone.
2:24 of 3rd period - Major / Game Misconduct Penalty to Petter Granberg for Attempt to injure.
2:24 of 3rd period - Petter Granberg is ejected from game.
2:25 of 3rd period - Johnny Gaudreau wins face-off versus Nazem Kadri in Blackhawks zone.
2:42 of 3rd period - Backhand shot by Tyler Ennis.
2:42 of 3rd period - Shot Blocked by Johnny Gaudreau.
3:46 of 3rd period - Radko Gudas is hit by Anton Stralman.
4:24 of 3rd period - Kristopher Letang is hit by Jordan Staal and loses puck.
4:53 of 3rd period - Stefan Matteau is hit by Eric Tangradi and loses puck.
7:24 of 3rd period - Penalty to Petter Granberg is over, Corey Perry is send on ice.
7:35 of 3rd period - Mike Amadio is hit by Brayden Point and loses puck.
9:25 of 3rd period - Radko Gudas is hit by Brayden Point and loses puck.
9:56 of 3rd period - Matt Donovan is hit by Jordan Staal and loses puck.
11:04 of 3rd period - Brandon Carlo is hit by Johnny Gaudreau and loses puck.
11:56 of 3rd period - Eric Tangradi is hit by Jordan Staal and loses puck.
12:30 of 3rd period - Icing by Jamie McBain.
12:31 of 3rd period - Aleksander Barkov wins face-off versus Nick Bonino in Blackhawks zone.
12:32 of 3rd period - Snap shot by Jonathan Huberdeau.
12:32 of 3rd period - Stopped by Tuukka Rask with a rebound.
13:14 of 3rd period - Wrist shot by Brayden Point.
13:14 of 3rd period - Shot Misses the Net.
13:30 of 3rd period - Raphael Diaz is hit by Eric Tangradi and loses puck.
13:50 of 3rd period - Off-side.
13:51 of 3rd period - James Wright wins face-off versus Nazem Kadri in neutral zone.
14:37 of 3rd period - Off-side.
14:38 of 3rd period - Nick Bonino wins face-off versus Brayden Point in neutral zone.
14:49 of 3rd period - Raphael Diaz is hit by Thomas Hickey and loses puck.
15:09 of 3rd period - Slapshot by Jamie McBain.
15:09 of 3rd period - Shot Blocked by Marian Gaborik.
15:15 of 3rd period - Wrist shot by Mike Amadio.
15:15 of 3rd period - Stopped by Maxime Daigneault with a rebound.
15:24 of 3rd period - Jamie McBain is hit by Matt Donovan and loses puck.
15:45 of 3rd period - Wrist shot by Jonathan Huberdeau.
15:45 of 3rd period - Stopped by Tuukka Rask with a rebound.
15:53 of 3rd period - Wrist shot by Aleksander Barkov.
15:53 of 3rd period - Shot Blocked by Radko Gudas.
15:55 of 3rd period - Snap shot by Aleksander Barkov.
15:55 of 3rd period - Stopped by Tuukka Rask with a rebound.
16:23 of 3rd period - Slapshot by Marian Gaborik.
16:23 of 3rd period - Stopped by Tuukka Rask without a rebound.
16:24 of 3rd period - Jordan Staal wins face-off versus Sven Baertschi in Blackhawks zone.
16:41 of 3rd period - Wrist shot by Jakob Silfverberg.
16:41 of 3rd period - Stopped by Maxime Daigneault with a rebound.
17:25 of 3rd period - Snap shot by Nazem Kadri.
17:25 of 3rd period - Shot Blocked by Ben Harpur.
18:05 of 3rd period - Sean Zimmerman is hit by Jonathan Huberdeau and loses puck.
18:37 of 3rd period - Thomas Hickey is hit by Jamie McBain and loses puck.
18:50 of 3rd period - Blackhawks, Tuukka Rask is pulled from the net.
19:09 of 3rd period - Snap shot by Jordan Staal.
19:09 of 3rd period - Shot Blocked by Tyler Ennis.
19:11 of 3rd period - Wrist shot by Jordan Staal.
19:11 of 3rd period - Stopped by Maxime Daigneault with a rebound.
19:13 of 3rd period - Wrist shot by Jakob Silfverberg.
19:13 of 3rd period - Stopped by Maxime Daigneault without a rebound.
19:14 of 3rd period - Jon Cooper call a timeout for Blackhawks.
19:14 of 3rd period - Jordan Staal wins face-off versus Nazem Kadri in Devils zone.
19:33 of 3rd period - Snap shot by Jordan Staal.
19:33 of 3rd period - Stopped by Maxime Daigneault without a rebound.
19:34 of 3rd period - Jordan Staal wins face-off versus Nazem Kadri in Devils zone.
19:41 of 3rd period - Snap shot by Johnny Gaudreau.
19:41 of 3rd period - Stopped by Maxime Daigneault without a rebound.
19:42 of 3rd period - Nazem Kadri wins face-off versus Jordan Staal in Devils zone.
Goals for this period are 0 for Devils vs 0 for Blackhawks.
Shots for this period are 5 for Devils vs 7 for Blackhawks.